 Dungeon Crawl Stone Soup version 0.29-a0-789-g7a8fcbc185 (webtiles) character file.

Game seed: 6321562732014532970

336 greasedhog the Shield-Bearer (level 6, -7/47 HPs)
             Began as a Formicid Fighter on July 2, 2022.
             Was an Initiate of Qazlal.
             Mangled by a troll (9 damage)
             ... on level 7 of the Dungeon.
             The game lasted 00:06:03 (4456 turns).

greasedhog the Shield-Bearer (Formicid Fighter)     Turns: 4456, Time: 00:06:03

Health: -7/47      AC:  6    Str: 22    XL:     6   Next: 84%
Magic:  6/6        EV:  9    Int:  8    God:    Qazlal [......]
Gold:   203        SH:  6    Dex: 19    Spells: 5/5 levels left

rFire   . . .      SeeInvis +   a - +0 quarterstaff
rCold   . . .      Faith    .   c - +0 buckler
rNeg    . . .      Spirit   .   b - +0 scale mail
rPois   .          Reflect  .   (helmet unavailable)
rElec   .          Harm     .   (no cloak)
rCorr   .          Rampage  .   (no gloves)
Will    .....                   (no boots)
Stlth   ..........              (no amulet)
HPRegen 0.15/turn               e - +6 ring of dexterity
MPRegen 0.10/turn               (no ring)

@: mighty
A: permanent stasis, dig shafts and tunnels, antennae 3, four strong arms
a: Dig, Shaft Self, Renounce Religion


You were on level 7 of the Dungeon.
You worshipped Qazlal.
Qazlal was noncommittal.
You visited 2 branches of the dungeon, and saw 8 of its levels.

You collected 203 gold pieces.

Inventory:

Hand Weapons
 a - a +0 quarterstaff (weapon)
Armour
 b - a +0 scale mail (worn)
 c - a +0 buckler (worn)
Jewellery
 e - a +6 ring of dexterity (left hand)
 q - a ring of fire
Wands
 o - a wand of digging (4)
Scrolls
 l - a scroll of vulnerability
 m - a scroll of fear
 n - a scroll of immolation
 p - a scroll of enchant armour
 r - a scroll of fog
 s - a scroll of amnesia
 t - a scroll of silence
Potions
 g - a potion of curing {unknown}
 h - 2 potions of berserk rage {unknown}
 i - a potion of brilliance {unknown}
 j - a potion of attraction {unknown}
 k - a potion of resistance


   Skills:
 - Level 3.2 Fighting
 * Level 5.6 Staves
 - Level 3.2 Armour
 + Level 6.2 Shields


You had 5 spell levels left.
You didn't know any spells.
Your spell library contained the following spells:

 Spells                   Type           Power      Damage    Failure   Level
 Necrotize                Necr           0%         1d4       80%         1
 Vampiric Draining        Necr           0%         2d6       99%         3
 Agony                    Necr           0%         N/A       100%        5


Dungeon Overview and Level Annotations

Branches:
Dungeon (8/15)             Temple (1/1) D:4
   Lair: D:8-11

Altars:
Hepliaklqana
Kikubaaqudgha
Nemelex Xobeh
Qazlal
Ru
Sif Muna
Uskayaw
Vehumet
Wu Jian
Xom
Yredelemnul
Zin

Shops:
D:3 [

Annotations:
D:3 1 runed translucent door, Crazy Yiuf


Innate Abilities, Weirdness & Mutations

You cannot be hasted, slowed, berserked, paralysed or teleported.
You can dig through walls and to a lower floor.
You have a pair of large antennae on your head. (SInv)
Your four strong arms can wield two-handed weapons with a shield.


Message History

t - a scroll of silence You open the door.
Found 6 curare-tipped darts.
There is an open door here.
You open the door.
Found a stone staircase leading down.
There is an open door here.
You open the door.
There is an open door here.
Found an escape hatch in the ceiling.
A troll comes into view.
The troll shouts!
An ice beast comes into view.
The troll bites you! The troll barely misses you. x2
The troll attacks as you move away! You block the troll's attack.
The troll claws you but does no damage. The troll barely misses you.
The troll attacks as you move away! You block the troll's attack.
The troll claws you! The troll claws you.
You feel very mighty all of a sudden. The troll closely misses you.
The troll claws you but does no damage. The troll claws you.
You sock the troll!
The troll is moderately wounded.
The troll bites you but does no damage. You block the troll's attack. x2
You barely miss the troll.
The troll is moderately wounded.
The troll bites you.
* * * LOW HITPOINT WARNING * * *
The troll claws you.
* * * LOW HITPOINT WARNING * * *
The troll claws you.
* * * LOW HITPOINT WARNING * * *
You sock the troll!
The troll is heavily wounded.
You block the troll's attack. The troll barely misses you. The troll claws you.
* * * LOW HITPOINT WARNING * * *
You barely miss the troll.
The troll is moderately wounded.
The troll bites you!
You die...

........# ....<...###
..........# ........#
#......#{ { . #......#####
.. #..........#### ..
#####.............# ..
#........YT@......#########.
#.........#######.........#.
#.........# #.........#.
#.........# #.........#.
#.........# #.........#.
#.........# ######..>.#.
#.........# #....#....#.
#.........# #....#....#.
#.........# ##'###....#.


You could see a troll and an ice beast.

Vanquished Creatures
  A jelly (D:4)
  A bouda (D:3)
  Ijyb (D:3)
  Natasha (twice) (D:3)
  2 iguanas (D:4)
  4 gnolls
  2 adders
  2 worms (D:2)
  4 dart slugs
  An orc (D:4)
  8 bats
  9 endoplasms
  3 giant cockroaches
  7 goblins
  9 hobgoblins
  3 jackals (D:4)
  8 kobolds
  5 quokkas
  2 ball pythons
  3 frilled lizards
  3 rats (D:2)
80 creatures vanquished.

Notes
Turn   | Place    | Note
-------+----------+-------------------------------------------
     0 | D:1      | greasedhog the Formicid Fighter began the quest for the
                  | Orb.
     0 | D:1      | Reached XP level 1. HP: 18/18 MP: 1/1
    88 | D:1      | Reached XP level 2. HP: 24/24 MP: 2/2
   796 | D:1      | Reached XP level 3. HP: 29/29 MP: 3/3
  1465 | D:2      | Reached XP level 4. HP: 27/35 MP: 4/4
  1718 | D:2      | Found a faded altar of an unknown god.
  2126 | D:3      | Reached skill level 5 in Shields
  2172 | D:3      | Found Deotuoj's Armour Shoppe.
  2394 | D:3      | Found a runed translucent door.
  2395 | D:3      | Noticed Crazy Yiuf
  2478 | D:3      | Identified the +5 war axe of Truncation {vorpal, rF+ Will+
                  | Str+3}
  2525 | D:3      | Noticed Natasha
  2530 | D:3      | Killed Natasha
  2531 | D:3      | Reached XP level 5. HP: 41/41 MP: 5/5
  2576 | D:3      | Noticed Ijyb
  2593 | D:3      | Killed Ijyb
  2912 | D:3      | Noticed Natasha
  2920 | D:3      | Killed Natasha
  3203 | D:3      | Reached XP level 6. HP: 20/47 MP: 6/6
  3512 | D:3      | Reached skill level 5 in Staves
  3641 | D:4      | Reached skill level 6 in Shields
  3866 | D:4      | Found a staircase to the Ecumenical Temple.
  3878 | Temple   | Entered the Ecumenical Temple
  3980 | Temple   | Became a worshipper of Qazlal Stormbringer
  4123 | D:5      | Entered Level 5 of the Dungeon
  4123 | D:5      | Noticed a water moccasin
  4128 | D:5      | You fall into a shaft and drop 3 floors!
  4185 | D:8      | Noticed a two-headed ogre
  4441 | D:7      | Noticed a troll
  4446 | D:7      | Noticed an ice beast
  4455 | D:7      | HP: 2/47 [troll (6)]
  4456 | D:7      | Mangled by a troll

Illustrated notes

Levels and vault maps discovered:
D:1:      kennysheep_arrival_seaside, layout_loops_corners
D:2:      layout_basic, hellmonk_ecumenical_altar_heavens_door,
          minmay_close_crescents
D:3:      layout_loops_ring, serial_shops, shop_statue, uniq_crazy_yiuf_cottage,
          uniq_natasha, uniq_ijyb
D:4:      layout_basic, nicolae_dithmenos_the_darkroom,
          minmay_temple_entry_purple_smoke, serial_shops, shop
D:5:      layout_rooms, mainiacjoe_overflow_alcove_1, evilmike_ruin_ashenzari,
          serial_shops, nicolae_inconvenience_store, uniq_grinder
D:7:      minmay_chambers_of_sevens, layout_gridville, marbit_many_paths,
          kennysheep_little_box, tgw_trog, minmay_misc_feat_rugged,
          minmay_misc_feat_ornament
D:8:      layout_rooms, enter_bailey_8, uniq_grum, uniq_maggie
Temple:   nicolae_temple_hex_pool

Skill      XL: |  1  2  3  4  5  6 |
---------------+-------------------+-----
Staves         | 3 4 5 |  5.6
Shields        | 5 6 |  6.2
Fighting       | |  3.2
Armour         | |  3.2

Action                   |  1- 3 |  4- 6 || total
-------------------------+-------+-------++-------
Melee: Quarterstaff      |    94 |   161 ||   255
 Abil: Shaft Self        |       |     1 ||     1
  Use: Scroll            |     3 |     7 ||    10
       Potion            |       |     1 ||     1
Armor: Scale mail        |    41 |    46 ||    87
Dodge: Dodged            |    47 |    56 ||   103
Block: Buckler           |    21 |    47 ||    68

Table legend: (Time is in decaauts)
 A = Elapsed time spent in this place.
 B = Non-inter-level travel time spent in this place.
 C = Inter-level travel time spent in this place.
 D = Time resting spent in this place.
 E = Time spent auto-exploring this place.
 F = Levels seen in this place.
 G = Mean time per level.
                   A        B        C        D        E       F      G
               +--------+--------+--------+--------+--------+-----+--------+
         Total |   4496 |   4340 |    156 |    601 |   2924 |   8 |  562.0 |
       Dungeon |   4363 |   4263 |    100 |    601 |   2860 |   7 |  623.3 |
        Temple |    132 |     76 |     56 |      0 |     64 |   1 |  132.0 |
               +--------+--------+--------+--------+--------+-----+--------+

Top non-repeatable levels by time:
     D:3: 1360 daAuts
     D:1: 1209 daAuts
     D:2: 865 daAuts
     D:4: 596 daAuts
     D:7: 267 daAuts
  Temple: 132 daAuts
     D:8: 59 daAuts
     D:5: 4 daAuts
